 Dungeon Crawl Stone Soup version 0.30-a0-586-g23e55c9e0a (webtiles) character file.

Game seed: 14141167564585779920

898 tilp the Ducker (level 8, -5/67 HPs)
             Began as a Meteoran Fighter on Jan 3, 2023.
             Slain by a gnoll
             ... wielding a +0 spear
              (7 damage)
             ... on level 5 of the Dungeon.
             The game lasted 00:06:44 (1293 turns).

tilp the Ducker (Meteoran Fighter)                  Turns: 1293, Time: 00:06:44

Health: -5/67      AC: 11    Str: 17    XL:     8   Next: 53%
Magic:  9/9        EV:  8    Int: 10    God:
Gold:   135        SH:  5    Dex: 16    Spells: 7/7 levels left

rFire   . . .      SeeInvis .    a - +0 long sword
rCold   . . .      Faith    .    c - +0 buckler
rNeg    . . .      Spirit   .    p - +0 chain mail
rPois   .          Reflect  .    i - +0 helmet
rElec   .          Harm     .    (no cloak)
rCorr   .          Rampage  .    (no gloves)
Will    +....                    (no boots) Stlth
                                 (no amulet)
HPRegen 0.31/turn                (no ring)
MPRegen 0.11/turn                (no ring)

@: glowing
A: sense surroundings 1, otherworldly, glowing, explore regen
a: no special abilities


You were on level 5 of the Dungeon.
You visited 1 branch of the dungeon, and saw 6 of its levels.

You collected 135 gold pieces.

Inventory:

Hand Weapons
 a - a +0 long sword (weapon)
 b - a +0 dagger of venom
 v - a +0 great sword
Missiles
 e - 23 stones
 f - a boomerang
 g - 6 poisoned darts (quivered)
 k - 6 javelins
 w - 2 silver boomerangs
Armour
 c - a +0 buckler (worn)
 i - a +0 helmet (worn)
 p - a +0 chain mail (worn)
Jewellery
 y - a ring of see invisible
Wands
 d - a wand of quicksilver (6)
Scrolls
 h - a scroll of fear {unknown}
 j - a scroll of enchant weapon {unknown}
 n - a scroll of blinking {unknown}
 o - 2 scrolls of poison {unknown}
 s - a scroll of vulnerability {unknown}
 t - a scroll of amnesia {unknown}
 u - a scroll of identify {unknown}
 x - a scroll of butterflies {unknown}
Potions
 l - a potion of berserk rage {unknown}
 m - 2 potions of degeneration {unknown}
 q - 2 potions of attraction {unknown}
 r - 2 potions of lignification {unknown}


   Skills:
 + Level 4.8 Fighting
 + Level 4.9 Long Blades
 + Level 2.6 Throwing
 + Level 4.9 Armour
 + Level 5.0 Dodging
 + Level 2.7 Stealth
 - Level 4.0 Shields
 + Level 2.7 Evocations


You had 7 spell levels left.
You didn't know any spells.
Your spell library was empty.

Dungeon Overview and Level Annotations

Branches:
Dungeon (6/15) Zot: 2246
 Temple: D:4-7

Altars:
Hepliaklqana
Kikubaaqudgha
Ru
Uskayaw
Wu Jian
The Shining One


Innate Abilities, Weirdness & Mutations

You passively map a small area around you.
You are easily found by Zot.
You glow in the dark.
You regain HP and MP as you explore.


Message History

The gnoll hits you from afar with a +0 spear.
You barely miss the gnoll. The gnoll hits you with a +0 spear!
* * * LOW HITPOINT WARNING * * *
The gnoll hits you from afar with a +0 spear.
* * * LOW HITPOINT WARNING * * *
You slash the gnoll!
The gnoll is severely wounded.
The gnoll hits you with a +0 spear.
* * * LOW HITPOINT WARNING * * *
The gnoll hits you but does no damage. x2; The gnoll hits you with a +0 spear.
* * * LOW HITPOINT WARNING * * *
You barely miss the gnoll.
The gnoll is severely wounded.
The gnoll hits you but does no damage. x2
You hit the gnoll.
The gnoll is almost dead.
You block the gnoll's attack. The gnoll closely misses you.
You completely miss the gnoll.
The gnoll is almost dead.
The gnoll hits you but does no damage. The gnoll barely misses you.
You barely miss the gnoll.
The gnoll is almost dead.
The gnoll hits you but does no damage. x2
You closely miss the gnoll.
The gnoll is almost dead.
The gnoll hits you but does no damage. x2
You barely miss the gnoll.
The gnoll is almost dead.
The gnoll hits you with a +0 spear.
* * * LOW HITPOINT WARNING * * *
The gnoll hits you but does no damage.
The gnoll hits you from afar with a +0 spear.
* * * LOW HITPOINT WARNING * * *
You block the gnoll's attack.
You barely miss the gnoll.
The gnoll is almost dead.
The gnoll hits you with a +0 spear.
* * * LOW HITPOINT WARNING * * *
The gnoll hits you from afar with a +0 spear!
You die...

........#...####
......^..#.....########, *
.......<.#.###.##.....#
.........#.# #........# *
.......<.#.# ###......#,
.........#.# ##.....#
...........# #.....#
........#..######)...## * *
............##gg@.####
..............g#### *.#
÷........#.#..## *..
..÷............### #.#
.........#...#...#####.###
...............#.........#
.........................#
.........................###
#####..............>.......#


You could see 3 gnolls.

Vanquished Creatures
  A black bear (D:5)
  2 ogres (D:5)
  2 phantoms (D:4)
  3 scorpions (D:5)
  A howler monkey (D:5)
  6 hounds
  Robin (D:2)
  2 adders
  A gnoll (D:5)
  2 ufetubi (D:5)
  2 worms
  5 orcs
  An endoplasm (D:2)
  3 giant cockroaches
  9 goblins
  4 hobgoblins
  4 jackals (D:1)
  A quokka (D:5)
  5 ball pythons
  2 bats
  A frilled lizard (D:3)
  6 kobolds
  2 rats
66 creatures vanquished.

Notes
Turn   | Place    | Note
-------+----------+-------------------------------------------
     0 | D:1      | tilp the Meteoran Fighter began the quest for the Orb.
     0 | D:1      | Reached XP level 1. HP: 19/19 MP: 2/2
   108 | D:1      | Found a faded altar of an unknown god.
   155 | D:1      | Reached XP level 2. HP: 26/26 MP: 3/3
   192 | D:2      | Noticed Robin
   209 | D:2      | Reached skill level 1 in Dodging
   223 | D:2      | Killed Robin
   224 | D:2      | Reached XP level 3. HP: 28/31 MP: 4/4
   416 | D:2      | Reached skill level 2 in Dodging
   416 | D:2      | Reached XP level 4. HP: 26/40 MP: 5/5
   531 | D:4      | Noticed a phantom
   560 | D:4      | Killed a phantom
   561 | D:4      | Reached skill level 3 in Dodging
   561 | D:4      | Reached skill level 1 in Stealth
   561 | D:4      | Reached XP level 5. HP: 36/46 MP: 6/6
   605 | D:5      | Entered Level 5 of the Dungeon
   616 | D:5      | Noticed a black bear
   632 | D:5      | Reached XP level 6. HP: 52/52 MP: 7/7
   670 | D:5      | Killed a black bear
   671 | D:5      | Reached skill level 4 in Dodging
   674 | D:5      | Noticed an ogre
   681 | D:5      | Reached XP level 7. HP: 26/59 MP: 8/8
   682 | D:5      | Reached skill level 1 in Throwing
   682 | D:5      | Reached skill level 1 in Evocations
   712 | D:5      | Reached XP level 8. HP: 23/67 MP: 9/9
   875 | D:4      | Found a hazy altar of Hepliaklqana.
   987 | D:4      | Found an ornate altar of the Wu Jian Council.
   987 | D:4      | Found a sacrificial altar of Ru.
   995 | D:4      | Found a hide-covered altar of Uskayaw.
   995 | D:4      | Found an ancient bone altar of Kikubaaqudgha.
   999 | D:4      | Found a glowing golden altar of the Shining One.
  1272 | D:5      | Reached skill level 5 in Dodging
  1293 | D:5      | HP: 2/67 [gnoll/+0 spear (3)]
  1293 | D:5      | Slain by a gnoll

Illustrated notes

Levels and vault maps discovered:
D:1:      dpeg_arrival_tiny_a, layout_loops_ring,
          hellmonk_ecumenical_altar_prayer_group
D:2:      layout_basic, basic_altar, uniq_robin
D:3:      layout_loops_ring, nicolae_sif_muna_condensation
D:4:      layout_loops_cross, mainiacjoe_overflow_chevrons,
          minmay_overflow_temple_star_hex
D:5:      layout_rooms, st_stairs_4, hangedman_minor_gate_pass
D:6:      layout_basic, chequers_temple_overflow_statue_of_worship,
          minmay_temple_entry_stoned_glass, corexii_item_surrounded_by_moat

Skill      XL: |  1  2  3  4  5  6  7  8 |
---------------+-------------------------+-----
Dodging        | 1 2 3 4 5 |  5.0
Long Blades    | 3 4 |  4.9
Armour         | 4 |  4.9
Shields        | 4 |  4.0
Fighting       | 4 |  4.8
Stealth        | 1 2 |  2.7
Throwing       | 2 |  2.6
Evocations     | 2 |  2.7

Action                   |  1- 3 |  4- 6 |  7- 9 || total
-------------------------+-------+-------+-------++-------
Melee: Long sword        |    78 |    51 |   108 ||   237
Throw: Dart              |       |     3 |       ||     3
Evoke: Wand              |       |     1 |     4 ||     5
  Use: Potion            |     1 |       |     3 ||     4
Armor: Scale mail        |    44 |    36 |    44 ||   124
       Chain mail        |       |       |    22 ||    22
Dodge: Dodged            |    27 |    30 |    65 ||   122
Block: Buckler           |    14 |    24 |    47 ||    85

Table legend: (Time is in decaauts)
 A = Elapsed time spent in this place.
 B = Non-inter-level travel time spent in this place.
 C = Inter-level travel time spent in this place.
 D = Time resting spent in this place.
 E = Time spent auto-exploring this place.
 F = Levels seen in this place.
 G = Mean time per level.
                   A        B        C        D        E       F      G
               +--------+--------+--------+--------+--------+-----+--------+
         Total |   1352 |   1161 |    191 |      0 |      0 |   6 |  225.3 |
       Dungeon |   1352 |   1161 |    191 |      0 |      0 |   6 |  225.3 |
               +--------+--------+--------+--------+--------+-----+--------+

Top non-repeatable levels by time:
     D:4: 522 daAuts
     D:5: 296 daAuts
     D:2: 219 daAuts
     D:1: 180 daAuts
     D:3: 122 daAuts
     D:6: 10 daAuts
